 Dungeon Crawl Stone Soup version 0.25-a0-44-g29a1220 (webtiles) character file.

Game seed: 9000057935758068670, levelgen mode: deterministic

280948 CowFu the Slayer (level 19, -1/193 HPs)
             Began as a Minotaur Fighter on Oct 23, 2019.
             Was the Champion of the Shining One.
             Shot with an arrow by a deep elf archer (5 damage)
             ... on level 2 of the Vaults on Oct 24, 2019.
             The game lasted 01:18:51 (51527 turns).

CowFu the Slayer (Minotaur Fighter)                Turns: 51527, Time: 01:18:51

Health: -1/193     AC: 40    Str: 21    XL:     19   Next: 69%
Magic:  0/29       EV: 14    Int:  6    God:    the Shining One [******]
Gold:   2650       SH:  0    Dex: 22    Spells: 18/18 levels left

rFire    . . .     SeeInvis .   a - +9 dire flail (protect)
rCold    . . .     Gourm    .   (shield currently unavailable)
rNeg     + + +     Faith    .   y - +5 plate armour of Tulips {rPois rCorr}
rPois    +         Spirit   +   T - +2 hat
rElec    .         Reflect  .   J - +2 cloak
rCorr    +         Harm     .   H - +0 pair of gloves
MR       ++...                  X - +2 pair of boots
Stlth    ..........             R - amulet of Vyokosyo {Spirit +Inv}
HPRegen  0.42/turn              E - ring of Yrhogyzum {+Blink rN+ MR+ Slay+3 Stlth+}
MPRegen  0.21/turn              U - +5 ring of dexterity

@: protection aura, glowing
A: retaliatory headbutt, horns 2
}: 2/15 runes: decaying, serpentine
a: Divine Shield, Cleansing Flame, Summon Divine Warrior, Brand Weapon With Holy
Wrath, Renounce Religion, Evoke Blink, Evoke Invisibility


You were on level 2 of the Vaults.
You worshipped the Shining One.
The Shining One was exalted by your worship.
You were very hungry.

You visited 6 branches of the dungeon, and saw 33 of its levels.
You visited the Abyss 1 time.
You also visited: Bailey, Ice Cave and Volcano.

You collected 4051 gold pieces.
You spent 1383 gold pieces at shops.
You donated 18 gold pieces to Zin.

Inventory:

Hand Weapons
 a - a +9 dire flail of protection (weapon)
 Q - the +5 whip "Rifrao" {slash, MR++ Str+6}
   (You found it on level 2 of the Snake Pit)

   It inflicts extra damage upon your enemies.
   It affects your strength (+6).
   It affects your resistance to hostile enchantments.
Armour
 y - the +5 plate armour of Tulips (worn) {rPois rCorr}
   (You bought it in a shop on level 2 of the Orcish Mines)

   It protects you from poison.
   It provides partial protection from all sources of acid and corrosion.
 H - a +0 pair of gloves (worn)
 J - a +2 cloak (worn)
 T - a +2 hat (worn)
 X - a +2 pair of boots (worn)
 Y - a scarf of cloud immunity
Jewellery
 h - an uncursed amulet of magic regeneration
 k - an uncursed ring of ice
 q - an uncursed ring of resist corrosion
 r - an uncursed ring of protection from cold
 z - an uncursed ring of poison resistance {unknown}
 E - the ring of Yrhogyzum (left hand) {+Blink rN+ MR+ Slay+3 Stlth+}
   (You found it on level 2 of the Swamp)

   [ring of protection from magic]

   It affects your accuracy and damage with ranged weapons and melee attacks
   (+3).
   It protects you from negative energy.
   It affects your resistance to hostile enchantments.
   It lets you blink.
   It makes you more stealthy.
 K - an uncursed ring of flight
 R - the amulet of Vyokosyo (around neck) {Spirit +Inv}
   (You took it off a kobold in a bailey)

   [amulet of guardian spirit]

   It causes incoming damage to be split between your health and magic.
   It lets you turn invisible.
 U - a +5 ring of dexterity (right hand)
Wands
 c - a wand of disintegration (8)
 g - a wand of polymorph (28)
 j - a wand of flame (17)
 m - a wand of enslavement (4)
 o - a wand of paralysis (15)
 F - a wand of iceblast (4)
 M - a wand of digging (2)
Scrolls
 e - a scroll of fog
 p - 2 scrolls of enchant weapon
 v - 18 scrolls of remove curse
 B - 7 scrolls of immolation
 C - 7 scrolls of blinking
 D - 3 scrolls of magic mapping
 G - 3 scrolls of amnesia
 P - 6 scrolls of enchant armour
 Z - 11 scrolls of identify
Potions
 b - 4 potions of resistance
 d - 3 potions of might
 i - 9 potions of brilliance
 n - 5 potions of mutation
 s - 3 potions of cancellation
 u - 4 potions of flight
 w - 3 potions of magic
 x - 6 potions of ambrosia
 A - 3 potions of invisibility
 I - 5 potions of lignification
 N - 2 potions of haste
 V - 3 potions of agility
Comestibles
 f - 51 rations


   Skills:
 - Level 22.8 Fighting
 - Level 20.4 Maces & Flails
 + Level 16.4 Armour
 + Level 10.1 Dodging
   Level 10.4 Shields
 - Level 15.0 Invocations


You had 18 spell levels left.
You didn't know any spells.
Your spell library contained the following spells:

 Spells                   Type           Power        Failure   Level  Hunger
 Animate Skeleton         Necr           N/A          99%         1    ##.....
 Apportation              Tloc           #.....       99%         1    ##.....
 Beastly Appendage        Tmut           #.....       99%         1    ##.....
 Confusing Touch          Hex            #.....       99%         1    ##.....
 Corona                   Hex            #......      99%         1    ##.....
 Flame Tongue             Conj/Fire      #....        99%         1    ##.....
 Magic Dart               Conj           #...         99%         1    ##.....
 Summon Butterflies       Summ           #.......     99%         1    ##.....
 Summon Small Mammal      Summ           #...         99%         1    ##.....
 Blink                    Tloc           N/A          100%        2    ###....
 Call Imp                 Summ           #.......     100%        2    ###....
 Ensorcelled Hibernation  Hex/Ice        #.....       100%        2    ###....
 Slow                     Hex            #.......     100%        2    ###....
 Sticks to Snakes         Tmut           #.......     100%        2    ###....
 Throw Flame              Conj/Fire      #.....       100%        2    ###....
 Call Canine Familiar     Summ           #.......     100%        3    ####...
 Confuse                  Hex            #.......     100%        3    ####...
 Conjure Flame            Conj/Fire      #.......     100%        3    ####...
 Dazzling Spray           Conj/Hex       #.....       100%        3    ####...
 Inner Flame              Hex/Fire       #.......     100%        3    ####...
 Lesser Beckoning         Tloc           #.........   100%        3    ####...
 Mephitic Cloud           Conj/Pois/Air  #.......     100%        3    ####...
 Recall                   Summ/Tloc      N/A          100%        3    ####...
 Spider Form              Tmut/Pois      #.........   100%        3    ####...
 Summon Guardian Golem    Hex/Summ       #.......     100%        3    ####...
 Tukima's Dance           Hex            #.......     100%        3    ####...
 Animate Dead             Necr           N/A          100%        4    #####..
 Cause Fear               Hex            #.........   100%        4    #####..
 Ice Form                 Ice/Tmut       #.......     100%        4    #####..
 Sticky Flame             Conj/Fire      #.......     100%        4    #####..
 Summon Ice Beast         Ice/Summ       #.......     100%        4    #####..
 Summon Lightning Spire   Summ/Air       #.......     100%        4    #####..
 Alistair's Intoxication  Tmut/Pois      #.......     100%        5    ######.
 Blade Hands              Tmut           #.........   100%        5    ######.
 Borgnjor's Vile Clutch   Necr/Erth      #.........   100%        5    ######.
 Fireball                 Conj/Fire      #.........   100%        5    ######.
 Silence                  Hex/Air        #.........   100%        5    ######.
 Yara's Violent Unravell  Hex/Tmut       #.........   100%        5    ######.
 Darkness                 Hex            #.........   100%        6    #######
 Death Channel            Necr           #.........   100%        6    #######
 Deflect Missiles         Chrm/Air       #.........   100%        6    #######
 Invisibility             Hex            #.......     100%        6    #######
 Shadow Creatures         Summ           N/A          100%        6    #######
 Simulacrum               Ice/Necr       #.........   100%        6    #######
 Discord                  Hex            #.........   100%        8    #######


Dungeon Overview and Level Annotations

Branches:
Dungeon (15/15)            Temple (0/1) D:7            Lair (6/6) D:8
  Swamp (4/4) Lair:3        Snake (4/4) Lair:2        Slime (0/5) Lair:6
    Orc (2/2) D:9             Elf (0/3) Orc:2        Vaults (2/5) D:13
  Crypt (0/3) Vaults:2     Depths (0/5) D:15         Bailey (visited)
  IceCv (visited)         Volcano (visited)

Altars:
Ashenzari
Cheibriados
Dithmenos
Fedhas
Gozag
Makhleb
Nemelex Xobeh
Trog
Uskayaw
Xom
Yredelemnul
Zin
The Shining One
Beogh

Shops:
D:11 !?   D:15 !%(}   Orc:1 [   Orc:2 ([*=

Annotations:
Lair:4 exclusion: 3 oklob plants
Lair:6 exclusion: 2 oklob plants


Innate Abilities, Weirdness & Mutations

You reflexively headbutt those who attack you in melee.
You have a pair of horns on your head.


Message History

The yaktaur closely misses you.
The yaktaur unwields a +0 arbalest.
The yaktaur hits you but does no damage.
You puncture the yaktaur!
The yaktaur is moderately wounded.
The deep elf archer shoots an arrow.
The arrow hits you but does no damage. The yaktaur hits you!
* * * LOW HITPOINT WARNING * * *
Okay, then.
You puncture the yaktaur! You headbutt the yaktaur.
The yaktaur is heavily wounded.
The yaktaur hits you!
* * * LOW HITPOINT WARNING * * *
You hit the yaktaur. You headbutt the yaktaur.
The yaktaur is severely wounded.
The yaktaur closely misses you.
You hit the yaktaur.
The yaktaur is severely wounded.
The yaktaur hits you but does no damage.
The deep elf archer shoots an arrow.
The arrow hits you.
You die...

#
##(.⌠....⌠..##.#
##(.......##..#
##..##..##...#
##(.##..##...#
##)e......##..#
##.(⌠....⌠..##(#
#..(..##.... #(#
#.c))## #..> #(#
#.c@## #..
#.##### #####
.#####.#....
........'....
#########....
#.... #.(..
#######'#
####.....).#
#..####.####


You could see a deep elf archer and 2 yaktaurs.

Vanquished Creatures
  A tentacled monstrosity (Swamp:4)
  A lich (Abyss:3)
  Kirke (D:15)
  A tentacled starspawn (Abyss:3)
  4 thorn hunters
  Gastronok (Lair:1)
  17 nagarajas
  3 vault wardens (Vaults:2)
  Louise (D:15)
  An orc warlord (Orc:2)
  3 ironheart preservers
  4 very ugly things
  2 stone giants (Vaults:2)
  A green draconian (Abyss:3)
  A vampire knight (Vaults:2)
  Nessos (D:14)
  A red draconian (Volcano)
  A fire dragon (Vaults:2)
  3 yaktaur captains
  A great orb of eyes (Vaults:2)
  4 rakshasas
  13 naga warriors
  3 shambling mangroves (Swamp:4)
  4 ghost crabs
  14 hydras
  An ice dragon (Vaults:2)
  2 catoblepae
  11 anacondas
  A death knight (D:13)
  8 centaur warriors
  21 alligators
  A merfolk avatar (Lair:6)
  3 ogre magi
  A dancing weapon (D:6)
  10 two-headed ogres
  3 tengu warriors (D:15)
  A vampire mage (D:15)
  2 orc high priests (Orc:2)
  A thrashing horror (Abyss:3)
  3 shock serpents
  9 naga sharpshooters
  2 wretched stars (Abyss:3)
  2 salamander mystics
  A shadow wraith (Vaults:1)
  A spatial maelstrom (Abyss:3)
  5 unseen horrors
  15 skeletal warriors
  3 sea snakes (Lair:6)
  A deep elf knight (Vaults:2)
  2 spriggan druids
  2 deep elf archers
  4 swamp dragons
  A wizard (D:15)
  A glowing orange brain (Abyss:3)
  12 naga ritualists
  7 orc knights
  A necromancer (D:15)
  5 ironbrand convokers
  An orb spider (shapeshifter) (Vaults:2)
  A fire giant zombie (D:15)
  15 mana vipers
  A wolf spider zombie (D:15)
  12 harpies
  5 orc sorcerers
  2 manticores
  7 salamanders
  23 ugly things
  2 large abominations (Abyss:3)
  2 wolf spiders
  The ghost of sokol815 the Firebug, a novice OpFE of Gozag (D:5)
  3 cyclopes
  41 black mambas
  Joseph (D:8)
  13 guardian serpents
  15 elephants
  16 naga magi
  6 molten gargoyles
  3 gargoyles
  The ghost of ohno the Covert, a novice VSAs of Wu Jian (D:6)
  A torpor snail (Lair:6)
  5 ice statues (IceCv)
  4 vault sentinels
  10 spiny frogs
  A yaktaur zombie (D:15)
  4 rime drakes
  A tormentor (Abyss:3)
  An efreet (D:15)
  A tengu conjurer (D:15)
  A freezing wraith (D:15)
  20 yaktaurs
  An anaconda simulacrum (IceCv)
  An ancient zyme (Abyss:3)
  A kobold demonologist (D:13)
  12 komodo dragons
  8 trolls
  11 tyrant leeches
  A guardian mummy (D:15)
  A wind drake (Lair:6)
  5 polar bears
  A raiju (Abyss:3)
  5 blink frogs (Lair:5)
  26 slime creatures
  9 dream sheep (Lair:6)
  13 hippogriffs
  11 bog bodies
  14 hornets
  A hippogriff (shapeshifter) (Vaults:1)
  A centaur simulacrum (D:15)
  A fire dragon skeleton (D:15)
  4 shadows
  6 spriggans
  2 vampires (Vaults:2)
  6 wyverns
  5 fire bats
  37 yaks
  A dire elephant simulacrum (IceCv)
  Eustachio (D:5)
  3 wraiths
  2 fire elementals
  Grum (D:8)
  A yak (shapeshifter) (D:15)
  A hog (D:15)
  A hungry ghost (D:9)
  5 basilisks
  13 swamp worms
  2 harpy simulacra (IceCv)
  10 vampire mosquitoes
  43 nagas
  A warg (Orc:2)
  2 acid dragons
  5 insubstantial wisps (Swamp:4)
  Edmund (D:4)
  2 iron troll simulacra (IceCv)
  3 hydra simulacra (IceCv)
  13 water moccasins
  13 porcupines
  22 swamp drakes
  7 sky beasts
  A tengu skeleton (D:15)
  An eye of draining (D:13)
  10 ice beasts
  48 orc warriors
  11 ogres
  3 necrophages
  9 wolves
  30 centaurs
  4 phantoms
  4 boggarts (Vaults:1)
  13 crocodiles
  4 big kobolds
  3 small abominations (Abyss:3)
  18 bullfrogs
  7 earth elementals (D:12)
  A water moccasin zombie (D:8)
  2 scorpions
  A wyvern skeleton (D:14)
  14 killer bees
  5 howler monkeys
  17 wights
  5 electric eels
  6 centaur zombies
  9 crimson imps
  5 lava snakes (Volcano)
  A bullfrog zombie (D:11)
  10 jellies
  4 hounds
  4 quasits
  4 bullfrog skeletons
  2 gnoll shamans
  28 orc priests
  5 centaur skeletons
  4 iguanas
  27 orc wizards
  9 worker ants
  A hound zombie (D:6)
  Robin (D:3)
  10 gnolls
  10 adders
  5 shadow imps
  A white imp (Abyss:3)
  5 oozes (D:9)
  2 adder zombies
  5 worms
  4 dart slugs
  8 leopard geckos
  100 orcs
  4 ball pythons
  6 giant cockroaches
  21 goblins
  12 hobgoblins
  2 jackals (D:3)
  5 quokkas
  A ball python skeleton (D:4)
  7 bats
  3 frilled lizards
  35 kobolds
  22 rats
  3 briar patches (Swamp:4)
  2 butterflies (Lair:2)
  2 plants (Lair:4)
1392 creatures vanquished.

Vanquished Creatures (others)
  A naga mage (Snake:4)
  A guardian serpent (Snake:4)
  A vampire (Vaults:2)
  6 humans (D:15)
  A golden eye (Abyss:3)
  2 swamp drakes
  2 briar patches
  A bush (Lair:6)
  19 fungi
  23 plants
  2 starspawn tentacles (Abyss:3)
  4 withered plants (D:15)
63 creatures vanquished.

Grand Total: 1455 creatures vanquished

Notes
Turn   | Place    | Note
-------+----------+-------------------------------------------
     0 | D:1      | CowFu the Minotaur Fighter began the quest for the Orb.
     0 | D:1      | Reached XP level 1. HP: 19/19 MP: 0/0
    23 | D:1      | Reached XP level 2. HP: 26/26 MP: 1/1
   537 | D:1      | Reached XP level 3. HP: 31/31 MP: 2/2
  1216 | D:2      | Reached skill level 5 in Maces & Flails
  1474 | D:2      | Reached XP level 4. HP: 39/39 MP: 3/3
  2037 | D:3      | Found a snail-covered altar of Cheibriados.
  2168 | D:3      | Noticed a moth of wrath
  2170 | D:3      | Found a bloodstained altar of Trog.
  2284 | D:3      | Noticed Robin
  2297 | D:3      | Killed Robin
  2297 | D:3      | Reached XP level 5. HP: 22/45 MP: 4/4
  2620 | D:3      | Found a glowing silver altar of Zin.
  2767 | D:3      | Became a worshipper of Zin the Law-Giver
  2767 | D:3      | Reached * piety under Zin
  3150 | D:4      | Found a sparkling altar of Nemelex Xobeh.
  3165 | D:4      | Found a transporter.
  3180 | D:4      | Reached XP level 6. HP: 50/51 MP: 5/5
  3188 | D:4      | Found a transporter.
  3280 | D:4      | Found a blossoming altar of Fedhas.
  3419 | D:4      | Found a glowing golden altar of the Shining One.
  3534 | D:4      | Fell from the grace of Zin
  3534 | D:4      | Became a worshipper of the Shining One
  3657 | D:4      | Found a shimmering altar of Xom.
  3710 | D:4      | Found a hide-covered altar of Uskayaw.
  3716 | D:4      | Reached XP level 7. HP: 57/57 MP: 6/6
  3721 | D:4      | Noticed Edmund
  3727 | D:4      | Killed Edmund
  3864 | D:5      | Entered Level 5 of the Dungeon
  3933 | D:5      | Found a transporter.
  3966 | D:5      | Found a transporter.
  3973 | D:5      | Noticed sokol815's ghost (novice OpFE)
  3989 | D:5      | Reached * piety under the Shining One
  4104 | D:5      | Reached skill level 10 in Maces & Flails
  4240 | D:5      | Found a burning altar of Makhleb.
  4242 | D:5      | Noticed a green death
  4310 | D:5      | Noticed Eustachio
  4323 | D:5      | Killed Eustachio
  4574 | D:5      | Reached XP level 8. HP: 48/64 MP: 7/7
  5014 | D:5      | Killed sokol815's ghost
  5181 | D:6      | Found a transporter.
  5219 | D:5      | Reached skill level 4 in Fighting
  5364 | D:6      | Reached ** piety under the Shining One
  5371 | D:6      | Reached skill level 5 in Fighting
  5371 | D:6      | Reached skill level 5 in Armour
  5371 | D:6      | Reached skill level 5 in Shields
  5467 | D:6      | Reached XP level 9. HP: 74/74 MP: 8/8
  5719 | D:6      | Found a runed translucent door.
  5719 | D:6      | Found a shimmering altar of Xom.
  5719 | D:6      | Noticed ohno's ghost (novice VSAs)
  5882 | D:6      | Found a transporter.
  5917 | D:6      | Reached skill level 6 in Fighting
  6079 | D:6      | Noticed a +0 short sword of chaos
  6233 | D:7      | Reached *** piety under the Shining One
  6378 | D:7      | Found a basalt altar of Yredelemnul.
  6496 | D:7      | Found a staircase to the Ecumenical Temple.
  6505 | D:7      | Reached skill level 7 in Fighting
  6592 | D:7      | Found an opulent altar of Gozag.
  7384 | D:8      | Noticed an elephant
  7384 | D:8      | Found a staircase to the Lair.
  7400 | D:8      | Reached XP level 10. HP: 61/88 MP: 9/9
  7410 | D:8      | Killed an elephant
  7410 | D:8      | Reached skill level 8 in Fighting
  7677 | D:8      | Noticed Joseph
  7688 | D:8      | Killed Joseph
  7807 | D:8      | Noticed Grum
  7818 | D:8      | Killed Grum
  7867 | D:8      | Reached skill level 9 in Fighting
  8177 | D:8      | Found a shattered altar of Ashenzari.
  9133 | D:9      | Found a shadowy altar of Dithmenos.
  9454 | D:9      | Found a staircase to the Orcish Mines.
  9458 | D:9      | Reached **** piety under the Shining One
  9827 | D:9      | Reached XP level 11. HP: 99/99 MP: 10/10
  9842 | D:9      | Reached skill level 10 in Armour
  9845 | D:9      | Reached skill level 10 in Fighting
  9977 | D:9      | Reached skill level 10 in Shields
 10092 | D:10     | Entered Level 10 of the Dungeon
 10360 | D:10     | You fall into a shaft and drop 1 floor!
 11486 | D:11     | Found Puryumaj's Distillery.
 11500 | D:11     | Bought a potion of flight for 39 gold pieces
 11500 | D:11     | Bought a potion of curing for 39 gold pieces
 11500 | D:11     | Bought a potion of curing for 39 gold pieces
 11500 | D:11     | Bought a potion of curing for 39 gold pieces
 11500 | D:11     | Bought a potion of curing for 39 gold pieces
 11500 | D:11     | Bought a potion of curing for 39 gold pieces
 11500 | D:11     | Bought a potion of heal wounds for 65 gold pieces
 11500 | D:11     | Bought a potion of haste for 130 gold pieces
 11553 | D:11     | Noticed an unseen horror
 11558 | D:11     | Killed an unseen horror
 11869 | D:11     | Reached ***** piety under the Shining One
 11961 | D:11     | Found Yjumirui's Magic Scroll Emporium.
 11972 | D:11     | Bought a scroll of magic mapping for 38 gold pieces
 11972 | D:11     | Bought a scroll of summoning for 104 gold pieces
 12409 | D:12     | Noticed a two-headed ogre
 12542 | D:11     | Killed a two-headed ogre
 12772 | D:12     | Reached skill level 11 in Fighting
 12781 | D:12     | Found a flagged portal.
 12790 | Bailey   | Entered a bailey
 12866 | Bailey   | Noticed an orc knight
 13005 | Bailey   | Identified the amulet of Vyokosyo {Spirit +Inv}
 13019 | Bailey   | Killed an orc knight
 13534 | D:12     | Found a snail-covered altar of Cheibriados.
 13578 | D:12     | Reached XP level 12. HP: 75/111 MP: 14/14
 14102 | D:12     | Noticed a catoblepas
 14106 | D:12     | Reached skill level 5 in Invocations
 14125 | D:12     | Killed a catoblepas
 14125 | D:12     | Reached skill level 12 in Fighting
 15316 | D:6      | Killed ohno's ghost
 15460 | Lair:1   | Entered Level 1 of the Lair of Beasts
 15574 | Lair:1   | Noticed Gastronok
 15581 | Lair:1   | Killed Gastronok
 15583 | Lair:1   | Reached skill level 13 in Fighting
 15893 | Lair:1   | Noticed a seven-headed hydra
 15901 | Lair:1   | Killed a seven-headed hydra
 16521 | Lair:2   | Found a staircase to the Snake Pit.
 17214 | Lair:2   | Reached skill level 14 in Fighting
 17726 | Lair:3   | Noticed a seven-headed hydra
 17739 | Lair:3   | Killed a seven-headed hydra
 17739 | Lair:3   | Reached XP level 13. HP: 104/124 MP: 14/18
 18044 | Lair:3   | Found a staircase to the Swamp.
 19006 | Lair:4   | Reached skill level 15 in Fighting
 19011 | Lair:4   | Reached skill level 10 in Invocations
 19640 | Lair:4   | You fall into a shaft and drop 1 floor!
 21193 | Lair:6   | Entered Level 6 of the Lair of Beasts
 21238 | Lair:6   | Reached ****** piety under the Shining One
 21307 | Lair:6   | Reached skill level 16 in Fighting
 21671 | Lair:6   | Reached XP level 14. HP: 79/137 MP: 21/21
 22966 | Lair:6   | Found a staircase to the Slime Pits.
 23661 | Orc:1    | Entered Level 1 of the Orcish Mines
 23683 | Orc:1    | Reached skill level 17 in Fighting
 24043 | Orc:1    | Found a roughly hewn altar of Beogh.
 24139 | Orc:1    | You fall into a shaft and drop 1 floor!
 24139 | Orc:2    | Entered Level 2 of the Orcish Mines
 24139 | Orc:2    | Found Emunoim's General Store.
 24178 | Orc:2    | Found a dark tunnel.
 24198 | Volcano  | Entered a volcano
 24824 | Volcano  | Found a bloodstained altar of Trog.
 25352 | Orc:2    | Found Codoreco's Jewellery Shoppe.
 25915 | Orc:2    | Found Kofaat's Antique Armour Emporium.
 25923 | Orc:2    | Bought a crude plate armour for 812 gold pieces
 25933 | Orc:2    | Identified the +5 plate armour of Tulips {rPois rCorr} (You
                  | bought it in a shop on level 2 of the Orcish Mines)
 25978 | Orc:2    | Found a staircase to the Elven Halls.
 25985 | Orc:2    | Noticed an orc warlord
 26002 | Orc:2    | Killed an orc warlord
 26002 | Orc:2    | Reached skill level 18 in Fighting
 26146 | Orc:2    | Found a roughly hewn altar of Beogh.
 26171 | Orc:2    | Found Kilik's Antique Weapon Shoppe.
 26417 | Orc:1    | Found Reask's Antique Armour Boutique.
 27086 | D:13     | Reached XP level 15. HP: 149/149 MP: 24/24
 27093 | D:13     | Found a gate to the Vaults.
 27779 | D:13     | You fall into a shaft and drop 1 floor!
 28063 | D:14     | Got a translucent silver ring
 29024 | D:14     | Noticed Nessos
 29040 | D:14     | Killed Nessos
 29769 | D:15     | Entered Level 15 of the Dungeon
 29774 | D:15     | Reached skill level 15 in Maces & Flails
 30029 | D:15     | Reached skill level 19 in Fighting
 30186 | D:15     | Noticed Kirke
 30187 | D:15     | Found a staircase to the Depths.
 30198 | D:15     | Found Pihourph's Gadget Shoppe.
 30225 | D:15     | Killed Kirke
 30510 | D:15     | Found a shimmering altar of Xom.
 30512 | D:15     | Found a basalt altar of Yredelemnul.
 30512 | D:15     | Found a burning altar of Makhleb.
 30514 | D:15     | Found a basalt altar of Yredelemnul.
 30514 | D:15     | Found a shimmering altar of Xom.
 30514 | D:15     | Found a glowing silver altar of Zin.
 30645 | D:15     | Noticed Louise
 30670 | D:15     | Cast into level 3 of the Abyss (Louise)
 30694 | Abyss:3  | Reached XP level 16. HP: 149/160 MP: 26/26
 30844 | Abyss:3  | Found a transporter.
 30867 | Abyss:3  | Reached skill level 15 in Invocations
 30880 | Abyss:3  | Noticed a lich
 30883 | Abyss:3  | Noticed a tentacled starspawn
 30914 | Abyss:3  | Killed a tentacled starspawn
 30931 | Abyss:3  | Killed a lich
 30939 | D:15     | Escaped the Abyss
 30960 | D:15     | Killed Louise
 31450 | D:15     | Found Zyni's Weapon Emporium.
 31473 | D:15     | Found Xuownax's Food Shoppe.
 31494 | D:15     | Found Huopel's Distillery.
 31584 | D:15     | Identified the ring of Baonou {*Slow rC+ MR- Int+8 SInv}
                  | (You found it on level 14 of the Dungeon)
 31763 | Swamp:1  | Entered Level 1 of the Swamp
 32034 | Swamp:1  | Reached skill level 20 in Fighting
 33999 | Swamp:2  | Got a pitted silver ring
 34392 | Swamp:3  | Noticed a thorn hunter
 34735 | Swamp:3  | Killed a thorn hunter
 34792 | Swamp:3  | Found a frozen archway.
 34803 | IceCv    | Entered an ice cave
 34806 | IceCv    | Identified the ring of Yrhogyzum {+Blink rN+ MR+ Slay+3
                  | Stlth+} (You found it on level 2 of the Swamp)
 36125 | Swamp:4  | Entered Level 4 of the Swamp
 36157 | Swamp:4  | Reached skill level 21 in Fighting
 36157 | Swamp:4  | Reached XP level 17. HP: 32/173 MP: 6/27
 37077 | Swamp:4  | Noticed a tentacled monstrosity
 37119 | Swamp:4  | Killed a tentacled monstrosity
 38340 | Swamp:4  | Got a decaying rune of Zot
 38954 | Snake:1  | Entered Level 1 of the Snake Pit
 40400 | Snake:1  | Reached skill level 22 in Fighting
 42318 | Snake:2  | Reached XP level 18. HP: 149/184 MP: 23/28
 42744 | Snake:2  | Got a transparent whip
 42745 | Snake:2  | Identified the +5 whip "Rifrao" {slash, MR++ Str+6} (You
                  | found it on level 2 of the Snake Pit)
 44030 | Snake:4  | Entered Level 4 of the Snake Pit
 46361 | Snake:4  | Reached skill level 1 in Dodging
 46738 | Snake:4  | HP: 4/187 [naga sharpshooter/arrow (9)]
 48226 | Snake:4  | Reached skill level 5 in Dodging
 48585 | Snake:4  | Got a serpentine rune of Zot
 48783 | Vaults:1 | Entered Level 1 of the Vaults
 48802 | Vaults:1 | Reached XP level 19. HP: 187/193 MP: 27/29
 49207 | Vaults:1 | Reached skill level 15 in Armour
 51477 | Vaults:2 | Found a staircase to the Crypt.
 51490 | Vaults:2 | Reached skill level 10 in Dodging
 51510 | Vaults:2 | HP: 2/193 [yaktaur/bolt[a vault warden] (14)]
 51525 | Vaults:2 | HP: 4/193 [yaktaur[a vault warden] (9)]
 51527 | Vaults:2 | Shot with an arrow by a deep elf archer

Levels and vault maps discovered:
D:1:      erik_arrival_orb_chamber, layout_rooms, kennysheep_boxes
D:2:      layout_loops_cross, first_ration
D:3:      layout_basic, tgw_trog, zin_academy, kennysheep_slug_shrine,
          hangedman_decor_growths, hangedman_abyss_or_decor_stabs, uniq_robin
D:4:      gammafunk_wand_slinger, layout_loops_ring, kennysheep_little_box,
          eat_drink_and_be_merry_uskayaw, nemelex_xobeh_ov_fountains_minmay,
          nicolae_overflow_hidden_temple, fedhas_altar_1, uniq_edmund
D:5:      layout_basic, makhleb_altar_promises_db, gammafunk_ghost_stat_death,
          wad_floor_pattern_1, uniq_eustachio
D:6:      gammafunk_steamed_eel, layout_basic, ebering_ghost_xom,
          grunt_decor_arrowhead, minmay_fractal_squares_5
D:7:      layout_basic, nicolae_gozag_seed_capital, old_standard_altar,
          minmay_temple_entry_waves
D:8:      layout_basic, kennysheep_mini, david_lair_generic, uniq_joseph,
          uniq_grum
D:9:      layout_roguey, grunt_dithmenos_smoke, erik_orc_1,
          hangedman_little_slice_of_home
D:10:     layout_basic, minmay_unpleasant_kobolds
D:11:     layout_irregular_city, serial_shops, shop, shop_statue, serial_undead,
          serial_undead_e, serial_undead_b, serial_undead_c, serial_undead_d,
          serial_undead_e
D:12:     layout_cave_pools, basic_altar, enter_bailey_6,
          hangedman_cracks_in_the_wall
D:13:     layout_basic, skrybe_vaults_entry_preservation, lemuel_statue_altar
D:14:     layout_basic, drop_trap, minivault_8, uniq_nessos
D:15:     gammafunk_depths_entry_grave, layout_small_grid, serial_shops, shop,
          shop_fountains, shop_statue, shop, doesnt_xom_only_xom, uniq_louise,
          uniq_kirke
Lair:1:   layout_gridlike, uniq_gastronok
Lair:2:   layout_small_grid, minmay_snake_entry_guardpost_small,
          grunt_megastairs_3, lemuel_fruit_tree, lemuel_fruit_fields,
          serial_bayou_shore_b, lemuel_fruit_fields, serial_bayou_shore_b
Lair:3:   layout_regular_city, skrybe_swamp_entry_bodies
Lair:4:   layout_cave_shapes, serial_bayou_pond_d, beast_lair_carwin_5,
          minmay_lair_oklob_chamber
Lair:5:   layout_cave_pods, beast_lair_carwin_2
Lair:6:   gammafunk_lair_ancient_temple, layout_long_grid,
          minmay_slime_entry_oklob_enclosed, infiniplex_staircase_pool
Swamp:1:  layout_basic_swamp, nicolae_swamp_very_dense_foliage, swamp_pool4
Swamp:2:  layout_falls_marsh, evilmike_swamp_ruin_house_5
Swamp:3:  layout_basic_swamp, portal_ice_cave_entry_pillars_three,
          hangedman_swamp_blocks, swamp_pool5
Swamp:4:  swamp_basic_johnstein, layout_basic_swamp
Snake:1:  layout_layer_cave
Snake:2:  layout_chambers, special_room, drop_trap
Snake:3:  layout_cave_town
Snake:4:  snake_hunt, layout_chambers, grunt_megastairs_4
Orc:1:    layout_diamond_mine, serial_shops, shop, basic_altar
Orc:2:    grunt_orc_gardens, layout_caves, grunt_orc_garden, grunt_orc_garden,
          grunt_orc_garden, grunt_orc_garden, basic_altar,
          nicolae_volcano_entry_batcave, special_room
Vaults:1: v_misc_25, nicolae_vaults_three_branches, v_alt_pattern_2,
          vaults_mumra_minichess, v_misc_24, ontoclasm_vaults_loading_screen,
          ontoclasm_vaults_decontamination, ontoclasm_vaults_gateway,
          layout_vaults_omnigrid
Vaults:2: minmay_crypt_entry_vampire_xt, hangedman_vaults_unwind,
          ontoclasm_vaults_eye, nicolae_vaults_twisting_passages,
          nicolae_vaults_network_quincunx
          [nicolae_vaults_network_quincunx_subvault,
          nicolae_vaults_network_quincunx_subvault,
          nicolae_vaults_network_quincunx_subvault,
          nicolae_vaults_network_quincunx_subvault,
          nicolae_vaults_network_quincunx_subvault],
          nicolae_vaults_circle_grid_b, v_misc_12,
          nicolae_vaults_stairing_the_circle, dpeg_vaults_pockets_of_resistance,
          v_misc_15, nicolae_vaults_rhombus_6, serial_ice_b,
          layout_vaults_maze_bifur

Skill      XL: |  1  2  3  4  5  6  7  8  9 10 11 12 13 14 15 16 17 18 19 |
---------------+----------------------------------------------------------+-----
Maces & Flails | 3 4 5 6 7 9 11 12 14 15 18 19 20 | 20.4
Fighting       | 5 7 9 11 14 16 18 19 21 22 | 22.8
Armour         | 5 7 9 10 11 14 16 | 16.4
Shields        | 5 7 9 10 | 10.4
Invocations    | 4 8 11 13 14 15 | 15.0
Dodging        | 5 10 | 10.1

Action                   |  1- 3 |  4- 6 |  7- 9 | 10-12 | 13-15 | 16-18 | 19-21 || total
-------------------------+-------+-------+-------+-------+-------+-------+-------++-------
Melee: Flail             |    94 |       |       |       |       |       |       ||    94
       Headbutt          |    13 |    28 |    39 |   150 |   385 |   466 |   132 ||  1213
       Whip              |    20 |   149 |     4 |       |       |       |       ||   173
       Dire flail        |       |       |   215 |   584 |  1195 |  1535 |   379 ||  3908
       Unarmed           |       |       |       |       |    16 |       |       ||    16
Throw: Boomerang         |       |       |       |     5 |     1 |       |       ||     6
 Abil: Evoke Flight      |       |       |       |     6 |       |       |       ||     6
Evoke: Wand              |       |       |       |     2 |     3 |       |       ||     5
  Use: Scroll            |       |       |    13 |    12 |    10 |    26 |       ||    61
       Potion            |       |       |       |     2 |     6 |    15 |     8 ||    31
  Eat: Chunk             |     2 |     7 |    11 |    31 |    35 |    23 |     5 ||   114
       Ration            |       |       |       |     1 |     2 |    10 |     1 ||    14
Armor: Scale mail        |    57 |    36 |    84 |   336 |   265 |       |       ||   778
       Plate armour      |       |       |       |       |   380 |  1410 |   261 ||  2051
Dodge: Dodged            |    33 |    30 |    77 |   291 |   363 |   494 |   253 ||  1541
Block: Shield            |    76 |    59 |     1 |       |       |       |       ||   136

Table legend:
 A = Non-vault XP
 B = Vault XP
 C = Vault XP percentage of total XP
 D = Non-vault monster count
 E = Vault monster count
 F = Vault count percentage of total count
                 A         B        C        D         E       F
            +---------+---------+-------+---------+---------+-------
      Total |  293623 |  151249 |  34.0 |    1003 |     388 |  27.9
            +---------+---------+-------+---------+---------+-------
        D:1 |      36 |      12 |  25.0 |      19 |      12 |  38.7
        D:2 |      72 |       0 |   0.0 |      24 |       0 |   0.0
        D:3 |      44 |      49 |  52.7 |      19 |      17 |  47.2
        D:4 |     524 |     239 |  31.3 |      22 |       5 |  18.5
        D:5 |     583 |     795 |  57.7 |      24 |       4 |  14.3
        D:6 |    1445 |    1698 |  54.0 |      31 |       9 |  22.5
        D:7 |     937 |       0 |   0.0 |      28 |       0 |   0.0
        D:8 |    1859 |    2044 |  52.4 |      38 |      10 |  20.8
        D:9 |    1917 |     742 |  27.9 |      30 |      25 |  45.5
       D:10 |     775 |      98 |  11.2 |      10 |       6 |  37.5
       D:11 |    5741 |     345 |   5.7 |      36 |       5 |  12.2
       D:12 |    3438 |    2951 |  46.2 |      27 |      12 |  30.8
       D:13 |   10792 |    4847 |  31.0 |      50 |       9 |  15.3
       D:14 |    6850 |    2988 |  30.4 |      26 |       5 |  16.1
       D:15 |   26127 |    7464 |  22.2 |      63 |      11 |  14.9
     Lair:1 |    5069 |    2089 |  29.2 |      21 |       1 |   4.5
     Lair:2 |    1695 |     765 |  31.1 |      11 |       5 |  31.2
     Lair:3 |    6199 |     510 |   7.6 |      24 |       2 |   7.7
     Lair:4 |    4028 |    2254 |  35.9 |      13 |       8 |  38.1
     Lair:5 |    3471 |    1298 |  27.2 |      15 |       4 |  21.1
     Lair:6 |   10977 |   10175 |  48.1 |      36 |      26 |  41.9
    Swamp:1 |   12998 |       0 |   0.0 |      31 |       0 |   0.0
    Swamp:2 |    9629 |       0 |   0.0 |      16 |       0 |   0.0
    Swamp:3 |   14755 |     328 |   2.2 |      29 |       3 |   9.4
    Swamp:4 |   22867 |   13890 |  37.8 |      48 |      24 |  33.3
    Snake:1 |   17970 |       0 |   0.0 |      43 |       0 |   0.0
    Snake:2 |   22323 |       0 |   0.0 |      38 |       0 |   0.0
    Snake:3 |   12632 |     905 |   6.7 |      24 |       2 |   7.7
    Snake:4 |   32021 |   38654 |  54.7 |      53 |      41 |  43.6
      Orc:1 |    3168 |       0 |   0.0 |      44 |       0 |   0.0
      Orc:2 |    1489 |    9595 |  86.6 |      23 |      30 |  56.6
   Vaults:1 |   20420 |    7343 |  26.4 |      41 |      11 |  21.2
   Vaults:2 |   21731 |   19422 |  47.2 |      30 |      33 |  52.4
    Abyss:3 |    9041 |    3860 |  29.9 |      16 |       4 |  20.0
     Bailey |       0 |    1353 | 100.0 |       0 |      27 | 100.0
      IceCv |       0 |    7349 | 100.0 |       0 |      22 | 100.0
    Volcano |       0 |    7187 | 100.0 |       0 |      15 | 100.0
            +---------+---------+-------+---------+---------+-------
